 Dungeon Crawl Stone Soup version 0.20-a0-550-gf70bbbc (webtiles) character file.

886 hairmachine the Chiller (level 8, -6/62 HPs)
             Began as a Naga Ice Elementalist on Feb 2, 2017.
             Was an Initiate of Ashenzari.
             Mangled by a two-headed ogre
             ... wielding a +0 giant spiked club
              (15 damage)
             ... on level 5 of the Dungeon.
             The game lasted 00:32:32 (7207 turns).

hairmachine the Chiller (Naga Ice Elementalist)     Turns: 7207, Time: 00:32:33

Health: -6/62      AC:  4    Str: 10    XL:     8   Next: 5%
Magic:  5/13       EV: 10    Int: 19    God:    Ashenzari [......]
Gold:   193        SH:  0    Dex: 11    Spells: 4/14 levels left

rFire    . . .     SeeInvis +   d - +0 short sword (venom)
rCold    . . .     Gourm    .   a - +0 robe
rNeg     . . .     Faith    .   (no shield)
rPois    +         Spirit   .   (no helmet)
rElec    .         Reflect  .   z - +0 cloak (curse)
rCorr    .         Harm     .   (no gloves)
MR       +....                  (no barding)
Stlth    ++........             (no amulet)
Regen    0.2/turn               (no ring)
                                (no ring)

@: very slow
A: see invisible, deformed body, poison resistance, slowness 2, slow metabolism
1, spit poison 1, AC +2
a: Spit Poison, Curse Item, Renounce Religion


You were on level 5 of the Dungeon.
You worshipped Ashenzari.
Ashenzari was noncommittal.
You were hungry.

You visited 2 branches of the dungeon, and saw 6 of its levels.

You collected 193 gold pieces.


Innate Abilities, Weirdness & Mutations

You cannot wear boots.
Your serpentine skin is tough. (AC +2)
You have supernaturally acute eyesight. (SInv)
Armour fits poorly on your strangely shaped body.
Your system is resistant to poisons. (rPois)
You cover ground very slowly.
You have a slow metabolism.
You can spit poison.


   Skills:
 - Level 1.5 Dodging
 - Level 3.0 Stealth
 - Level 3.5 Spellcasting
 - Level 1.0 Conjurations
 + Level 3.8 Summonings
 * Level 7.8 Ice Magic


You had 4 spell levels left.
You knew the following spells:

 Your Spells              Type           Power        Failure   Level  Hunger
a - Throw Frost           Conj/Ice       ###...       4%          2    ##.....
b - Summon Ice Beast      Ice/Summ       ####....     14%         4    ####...
s - Ozocubu's Armour      Chrm/Ice       ###.....     12%         3    ###....
z - Freeze                Ice            ####         1%          1    None

Inventory:

Hand Weapons
 d - a +0 short sword of venom (weapon)
   (You took it off a kobold on level 2 of the Dungeon)
 j - a +2 antimagic dagger
   (You found it on level 1 of the Dungeon)
 w - a +1 dagger of venom
   (You found it on level 3 of the Dungeon)
Missiles
 f - 17 stones (quivered)
Armour
 a - a +0 robe (worn)
 e - a +2 leather armour of poison resistance
   (You found it on level 1 of the Dungeon)
 z - a cursed +0 cloak (worn)
   (You found it on level 4 of the Dungeon)
Jewellery
 l - a +4 ring of protection
   (You found it on level 2 of the Dungeon)
 m - an uncursed ring of protection from magic {MR+, !d}
   (You found it on level 2 of the Dungeon)
 n - an uncursed ring of positive energy {rN+}
   (You found it on level 5 of the Dungeon)
 y - an uncursed ring of fire {rF+, rC-}
   (You took it off an orc on level 2 of the Dungeon)
Scrolls
 g - a scroll of remove curse {!r}
 q - 2 scrolls of identify {!r}
 t - 2 scrolls of teleportation {!r}
 x - a scroll of fog {!r, unknown}
Potions
 h - a potion of cancellation {!q, unknown}
 o - a potion of lignification {!q, unknown}
 r - 2 potions of heal wounds {!q, unknown}
 s - a potion of mutation {!q, unknown}
 v - 3 potions of curing {!q, unknown}
Books
 b - a book of Frost

   Spells                             Type                      Level
   a - Freeze                         Ice                          1
   b - Throw Frost                    Conjuration/Ice              2
   c - Ozocubu's Armour               Charms/Ice                   3
   d - Throw Icicle                   Conjuration/Ice              4
   e - Summon Ice Beast               Ice/Summoning                4
Comestibles
 c - 3 bread rations
 i - a fruit
 k - 4 royal jellies
 p - a meat ration

Dungeon Overview and Level Annotations

Branches:
Dungeon (5/15)             Temple (1/1) D:5

Altars:
Ashenzari
Cheibriados
Dithmenos
Elyvilon
Fedhas
Gozag
Okawaru
Qazlal
Sif Muna
Trog
Uskayaw
Vehumet
Xom
Yredelemnul
The Shining One

Annotations:
D:2 exclusion: downstairs

#....)(...[..YO##.))..#
##########..⌠..@..#####
#......#...#
###.Y..###.# ###### .#
#


You could see a two-headed ogre, an orc and 2 friendly ice beasts.


Message History

Press: ? - help, Shift-Dir - straight line, f/p - orc wizard
Aim: an orc wizard, wielding a dagger and wearing a robe (moderately wounded, fast)
The splash of poison misses the orc wizard.
You feel slightly more hungry.
Casting: Throw Frost
Confirm with . or Enter, or press ? or * to list all spells.
Aiming: Throw Frost
Press: ? - help, Shift-Dir - straight line, f/p - orc wizard
Aim: an orc wizard, wielding a dagger and wearing a robe (moderately wounded, fast)
You miscast Throw Frost.
You are very lightly contaminated with residual magic.
Strange energies run through your body.
Casting: Throw Frost
Confirm with . or Enter, or press ? or * to list all spells.
Aiming: Throw Frost
Press: ? - help, Shift-Dir - straight line, f/p - orc wizard
Aim: an orc wizard, wielding a dagger and wearing a robe (moderately wounded, fast)
The puff of frost hits the orc wizard.
The orc wizard is heavily wounded.
The orc wizard hits you with a dagger.
Damage: -3%(-2hp) hp: 91%(56hp)
Okay, then.
Casting: Throw Frost
Confirm with . or Enter, or press ? or * to list all spells.
Aiming: Freeze
Press: ? - help, Shift-Dir - straight line, f/p - orc wizard
Aim: an orc wizard, wielding a dagger and wearing a robe (heavily wounded, fast)
You freeze the orc wizard.
You kill the orc wizard!
You have got your breath back.
Things that are here:
an uncursed dagger; an uncursed robe There isn't anything to butcher here.
You see here 22 bolts.
You start resting.
Your magical contamination has completely faded away.
Unknown command.
You start resting.
HP restored.
You are feeling hungry.
An orc comes into view. It is wielding a short sword.
You see here 22 bolts.
The orc shouts!
Casting: Freeze
Confirm with . or Enter, or press ? or * to list all spells.
Aiming: Throw Frost
Press: ? - help, Shift-Dir - straight line, f - orc
Aim: an orc, wielding a short sword The puff of frost misses the orc.
Casting: Throw Frost
Confirm with . or Enter, or press ? or * to list all spells.
Aiming: Freeze
Press: ? - help, Shift-Dir - straight line, f/p - orc
Aim: an orc, wielding a short sword You freeze the orc.
You kill the orc!
You see here an uncursed short sword.
Things that are here:
an uncursed dagger; an uncursed robe You start resting.
Magic restored.
The two-headed ogre shouts in stereo!
The two-headed ogre hits you with a giant spiked club!
The two-headed ogre closely misses you.
Damage: -17%(-11hp) hp: 83%(51hp)
Casting: Freeze
Confirm with . or Enter, or press ? or * to list all spells.
Okay, then.
Casting: Freeze
Confirm with . or Enter, or press ? or * to list all spells.
A chill wind blows around you.
The orc shouts!
The two-headed ogre hits you with a giant spiked club!!
* * * LOW HITPOINT WARNING * * *
The two-headed ogre hits you with a giant club!!
* * * LOW HITPOINT WARNING * * *
Huge Dmg: -70%(-43hp) hp: 13%(8hp)
Okay, then.
Okay, then.
Casting: Summon Ice Beast
Confirm with . or Enter, or press ? or * to list all spells.
Okay, then.
Casting: Summon Ice Beast
Confirm with . or Enter, or press ? or * to list all spells.
A chill wind blows around you.
Your ice beast hits the two-headed ogre.
Your ice beast freezes the two-headed ogre!
Unknown command.
What are your orders? t - Shout!
Orders for allies: a - Attack new target. r - Retreat! s - Stop attacking. g - Guard the area. f - Follow me.
Anything else - Cancel.
Gang up on whom?
Press: ? - help, Dir - move target cursor, f - two-headed ogre
Aim: a two-headed ogre, wielding a giant spiked club and a giant club (moderately wounded) Attack!
The two-headed ogre barely misses you.
The two-headed ogre hits you with a giant club!
You die...

Vault maps used:
D:1:      ldierk_water_garden, serial_bayou_pond_c, kennysheep_flooded_box,
          minivault_5, minivault_5, minmay_misc_feat_enclosed
D:3:      first_bread, grunt_qazlal_clouds, uniq_jessica
D:4:      hangedman_abyss_or_decor_passed
D:5:      lemuel_ice_spiral_2, temple_fountains, grunt_ministairs_2,
          doesnt_xom_only_xom
Temple:   minmay_temple_bridge_abc

Notes
Turn   | Place    | Note
-------+----------+-------------------------------------------
     0 | D:1      | hairmachine the Naga Ice Elementalist began the quest for the Orb.
     0 | D:1      | Reached XP level 1. HP: 15/15 MP: 3/3
   261 | D:1      | Reached XP level 2. HP: 22/22 MP: 5/5
   267 | D:1      | Learned a level 2 spell: Throw Frost
   804 | D:1      | Reached skill level 4 in Ice Magic
   911 | D:1      | Reached XP level 3. HP: 23/28 MP: 3/6
  1668 | D:1      | Learned a level 3 spell: Ozocubu's Armour
  2390 | D:2      | Reached XP level 4. HP: 24/36 MP: 0/7
  2910 | D:3      | Noticed Jessica
  2914 | D:3      | Killed Jessica
  2914 | D:3      | Reached skill level 5 in Ice Magic
  3079 | D:3      | Reached XP level 5. HP: 35/42 MP: 2/8
  3416 | D:3      | Found a stormy altar of Qazlal.
  3541 | D:3      | Noticed Galewind's ghost (amateur DECj)
  3964 | D:3      | Learned a level 4 spell: Summon Ice Beast
  4150 | D:3      | Killed Galewind's ghost
  4150 | D:3      | Reached skill level 1 in Summonings
  4150 | D:3      | Reached skill level 6 in Ice Magic
  4150 | D:3      | Reached XP level 6. HP: 13/49 MP: 2/11
  5296 | D:4      | Reached XP level 7. HP: 42/55 MP: 8/12
  6076 | D:5      | Entered Level 5 of the Dungeon
  6112 | D:5      | Reached skill level 7 in Ice Magic
  6377 | D:5      | Found a staircase to the Ecumenical Temple.
  6387 | Temple   | Entered the Ecumenical Temple
  6417 | Temple   | Became a worshipper of Ashenzari the Shackled
  6935 | D:5      | Found a shimmering altar of Xom.
  6937 | D:5      | Found a snail-covered altar of Cheibriados.
  6937 | D:5      | Found a stormy altar of Qazlal.
  6939 | D:5      | Found a hazy altar of Hepliaklqana.
  6939 | D:5      | Found a radiant altar of Vehumet.
  6939 | D:5      | Found a hide-covered altar of Uskayaw.
  7078 | D:5      | Noticed a two-headed ogre
  7088 | D:5      | Reached XP level 8. HP: 54/62 MP: 9/13
  7207 | D:5      | Mangled by a two-headed ogre

Vanquished Creatures
  The ghost of Galewind the Conjurer, an amateur DECj of Vehumet (D:3)
  A big kobold (D:5)
  A howler monkey (D:4)
  2 crimson imps (D:5)
  A centaur skeleton (D:4)
  A gnoll shaman (D:4)
  A bullfrog skeleton (D:5)
  2 iguanas (D:5)
  Jessica (D:3)
  3 orc wizards
  3 worker ants
  A hound skeleton (D:5)
  4 gnolls (D:4)
  7 adders
  A shadow imp (D:5)
  An ooze (D:3)
  An adder skeleton (D:4)
  2 worms
  3 dart slugs
  3 leopard geckos
  12 orcs
  6 bats
  4 giant cockroaches
  12 goblins
  5 hobgoblins
  5 jackals
  A quokka (D:4)
  5 frilled lizards
  14 kobolds
  6 rats
110 creatures vanquished.

Vanquished Creatures (others)
  4 toadstools (D:1)
4 creatures vanquished.

Grand Total: 114 creatures vanquished

Action                   |  1- 3 |  4- 6 |  7- 9 || total
-------------------------+-------+-------+-------++-------
Melee: Spear             |    45 |       |       ||    45
       Short sword       |    10 |    58 |    81 ||   149
Throw: Stone             |     3 |     7 |     1 ||    11
 Cast: Freeze            |    26 |    63 |    38 ||   127
       Throw Frost       |    10 |    23 |    20 ||    53
       Ozocubu's Armour  |       |       |     3 ||     3
       Summon Ice Beast  |       |       |     2 ||     2
 Abil: Spit Poison       |       |     7 |     6 ||    13
  Use: Scroll            |       |     5 |       ||     5
 Stab: Sleeping          |     4 |     2 |       ||     6
  Eat: Chunk             |     4 |     8 |     7 ||    19
Armor: Robe              |    12 |    33 |    40 ||    85
Dodge: Dodged            |    31 |    57 |    65 ||   153

Skill      XL: |  1  2  3  4  5  6  7 |
---------------+----------------------+-----
Ice Magic      | 4 5 6 7 |  7.8
Spellcasting   | 3 |  3.5
Summonings     | 1 2 3 |  3.8
Dodging        | |  1.5
Stealth        | |  3.0
Conjurations   | |  1.0
